 Dungeon Crawl Stone Soup version 0.18.1-8-gdd0e5ea (webtiles) character file.

270 zeroDi the Sneak (level 6, -1/30 HPs)
             Began as a Vine Stalker Assassin on May 22, 2016.
             Slain by a hound (4 damage)
             ... on level 6 of the Dungeon.
             The game lasted 00:08:19 (2590 turns).

zeroDi the Sneak (Vine Stalker Assassin)            Turns: 2590, Time: 00:08:20

Health: -1/30      AC:  6    Str: 14    XL:     6   Next: 22%
Magic:  0/7        EV: 11    Int: 11    God:
Gold:   120        SH:  0    Dex: 17    Spells: 0 memorised, 5 levels left

rFire  . . .     SeeInvis .     a - +2 dagger
rCold  . . .     Gourm    .     c - +0 robe
rNeg   . . .     Faith    .     (no shield)
rPois  .         Spirit   +     p - +0 helmet
rElec  .         Dismiss  .     d - +0 cloak
rCorr  .         Reflect  .     r - +1 pair of gloves
SustAt .         Harm     .     (no boots)
MR     .....                    (no amulet)
Stlth  +++.......               (no ring)
                                (no ring)

@: not resistant to hostile enchantments, fairly stealthy
A: fangs 2, regeneration 2, magic shield, antimagic bite, no device heal 3, rot
immunity
a: no special abilities


You were on level 6 of the Dungeon.
You were hungry.

You visited 1 branch of the dungeon, and saw 6 of its levels.

You collected 120 gold pieces.


Innate Abilities, Weirdness & Mutations

You have extremely sharp teeth.
You heal very quickly.
When hurt, damage is shared between your health and your magic reserves.
Your bite disrupts and absorbs the magic of your enemies.
Potions and wands cannot restore your health.
You are immune to rotting.


   Skills:
 - Level 1.7 Fighting
 - Level 5.2 Short Blades
 - Level 1.7 Throwing
 - Level 0.7 Dodging
 + Level 5.9 Stealth


You had 5 spell levels left.
You didn't know any spells.

Inventory:

Hand Weapons
 a - a +2 dagger (weapon)
 b - a +0 blowgun
Missiles
 e - 19 poisoned needles
 f - 2 curare-tipped needles {=f}
 t - 7 javelins (quivered)
Armour
 c - a +0 robe (worn)
 d - a +0 cloak (worn)
 i - a +0 pair of gloves
 p - a +0 helmet (worn)
 r - a +1 pair of gloves (worn)
Jewellery
 k - an uncursed ring of fire {unknown}
Scrolls
 h - a scroll of remove curse {unknown}
 j - a scroll of recharging {unknown}
 m - 2 scrolls of identify {unknown}
 u - a scroll of enchant weapon {unknown}
 v - a scroll of fear {unknown}
Potions
 l - a potion of haste {unknown}
 n - a potion of agility {unknown}
 o - a potion of invisibility {unknown}
 q - a potion of brilliance {unknown}
 s - a potion of ambrosia {unknown}
Comestibles
 g - 4 bread rations
 w - 2 chunks of flesh

Dungeon Overview and Level Annotations

Branches:
Dungeon (6/15)
 Temple: D:4-7

Altars:
Ashenzari
Cheibriados
Nemelex Xobeh
Qazlal
Trog
Yredelemnul
Zin

Annotations:
D:2 Sigmund
D:5 Pikel

#### ##...##
##.....## #.....%.#
.... #.......# .....
#......(# .....
##......#####.$
.....##...S.h@.......
#....#.....n..(###..
#..[.....Y..#.....
###$......######.>
#......## #<#.####
#†#.# #...! ......


You could see a water moccasin, an ice beast, a necrophage and a hound.


Message History

The hound bites you but does no damage. The necrophage hits you.
You feel terrible. The hound closely misses you.
Found a smoky ruby potion.
You hit the necrophage.
The necrophage is lightly damaged.
The water moccasin bites you!
* * * LOW HITPOINT WARNING * * *
The necrophage hits you!
* * * LOW HITPOINT WARNING * * *
You feel terrible. The hound bites you.
* * * LOW HITPOINT WARNING * * *
The water moccasin barely misses you.
The necrophage hits you but does no damage.
Found 10 stones.
The hound bites you.
* * * LOW HITPOINT WARNING * * *
Found a beef jerky.
The hound closely misses you. The hound bites you.
You die...

Action                   |  1- 3 |  4- 6 || total
-------------------------+-------+-------++-------
Melee: Dagger            |   113 |   154 ||   267
       Bite              |    25 |    37 ||    62
Throw: Javelin           |       |     1 ||     1
 Stab: Sleeping          |    12 |     9 ||    21
       Distracted        |     1 |     1 ||     2
  Eat: Chunk             |       |     5 ||     5
Armor: Robe              |    27 |    59 ||    86
Dodge: Dodged            |    40 |   103 ||   143

Vault maps used:
D:1:      dpeg_arrival_radiant, kennysheep_boxes
D:2:      lemuel_upstairs_altar, uniq_sigmund
D:3:      overflow_temple_1_default, zin_angel, old_standard_altar, first_bread
D:4:      grunt_pakellas_basics, nicolae_overflow_hidden_temple,
          minmay_temple_entry_mist, gup_sewer_entry_glass, uniq_natasha,
          uniq_duvessa
D:5:      cheibrodos_ashenzari_chains, uniq_pikel
D:6:      uniq_eustachio, uniq_menkaure, uniq_prince_ribbit1

Notes
Turn   | Place    | Note
--------------------------------------------------------------
     0 | D:1      | zeroDi the Vine Stalker Assassin began the quest for the Orb.
     0 | D:1      | Reached XP level 1. HP: 11/11 MP: 2/2
    22 | D:1      | Reached skill level 2 in Short Blades
   107 | D:1      | Reached XP level 2. HP: 12/15 MP: 3/3
   270 | D:1      | Reached skill level 3 in Short Blades
   319 | D:1      | Reached XP level 3. HP: 18/18 MP: 4/4
   945 | D:2      | Reached XP level 4. HP: 22/23 MP: 5/5
  1444 | D:2      | Reached skill level 4 in Short Blades
  1508 | D:2      | Noticed Sigmund
  1647 | D:3      | Found a snail-covered altar of Cheibriados.
  1821 | D:3      | Reached XP level 5. HP: 19/26 MP: 6/6
  1954 | D:3      | Noticed zeroDi's ghost (amateur VSAs)
  1991 | D:3      | Killed zeroDi's ghost
  1991 | D:3      | Reached skill level 5 in Short Blades
  2121 | D:3      | Found a stormy altar of Qazlal.
  2225 | D:3      | Noticed an angel
  2226 | D:3      | Found a glowing silver altar of Zin.
  2242 | D:3      | You fall through a shaft for 2 floors!
  2242 | D:5      | Entered Level 5 of the Dungeon
  2248 | D:5      | Reached skill level 5 in Stealth
  2249 | D:5      | Noticed Pikel
  2249 | D:5      | Noticed a slave
  2251 | D:5      | Noticed a slave
  2253 | D:5      | Noticed a slave
  2254 | D:5      | Noticed a slave
  2307 | D:5      | Gained mutation: You heal very quickly. [Vine Stalker growth]
  2307 | D:5      | Reached XP level 6. HP: 21/30 MP: 7/7
  2329 | D:4      | Found a bloodstained altar of Trog.
  2329 | D:4      | Found a basalt altar of Yredelemnul.
  2343 | D:4      | Found a sparkling altar of Nemelex Xobeh.
  2358 | D:4      | Killed a slave
  2417 | D:5      | Noticed a sky beast
  2477 | D:5      | Found a shattered altar of Ashenzari.
  2573 | D:6      | Noticed a water moccasin
  2573 | D:6      | Noticed a necrophage
  2579 | D:6      | Noticed an ice beast
  2584 | D:6      | HP: 1/30 [hound (4)]
  2590 | D:6      | Slain by a hound

Vanquished Creatures
  A slave (D:4)
  The ghost of zeroDi the Sneak, an amateur VSAs (D:3)
  2 centaur skeletons
  A hound (D:6)
  A worker ant zombie (D:5)
  2 oozes (D:2)
  6 worms
  A dart slug (D:2)
  4 giant geckos
  A ball python (D:2)
  8 giant cockroaches
  9 goblins
  4 hobgoblins
  7 jackals
  2 quokkas (D:2)
  5 bats
  7 giant newts
  11 kobolds
  5 rats
78 creatures vanquished.
